 Dungeon Crawl Stone Soup version 0.31.0-12-g77e489cdc1 (webtiles) character file.

Game seed: 14635249870032732730

198 112233 the Sneak (level 5, -1/32 HPs)
             Began as an Octopode Brigand on Feb 19, 2024.
             Was a Believer of Lugonu.
             Slain by a sleepcap (8 damage)
             ... on level 4 of the Dungeon.
             The game lasted 00:01:46 (1961 turns).

112233 the Sneak (Octopode Brigand)                 Turns: 1961, Time: 00:01:47

Health: -1/32      AC:  1    Str: 12    XL:     5   Next: 76%
Magic:  5/5        EV: 13    Int: 14    God:    Lugonu [**....]
Gold:   155        SH:  0    Dex: 13    Spells: 4/4 levels left

rFire   . . .        a - +2 dagger
rCold   . . .        (no shield)
rNeg    . . .        (helmet restricted)
rPois   .            (no amulet)
rElec   .            (no ring)
rCorr   .            (no ring)
SInv    .            (no ring)
Will    +....        (no ring)
Stlth   ++++         (no ring)
HPRegen 0.25/turn    (no ring)
MPRegen 0.09/turn    (no ring)
                     (no ring)

%: no passive effects
@: enlightened, flying
A: almost no armour, amphibious, 8 rings, camouflage 1, gelatinous body 1,
(nimble swimmer 1), tentacles, frail 1
a: Renounce Religion, Depart the Abyss, Banish


You were on level 4 of the Dungeon.
You worshipped Lugonu.
Lugonu was pleased with you.
You visited 1 branch of the dungeon, and saw 4 of its levels.

You collected 155 gold pieces.

Inventory:

Hand Weapons
 a - a +2 dagger (weapon)
Missiles
 b - 9 poisoned darts (quivered)
 c - 3 curare-tipped darts
 i - 3 atropa-tipped darts
 n - 10 boomerangs
Scrolls
 d - a scroll of identify {unknown}
 h - a scroll of teleportation {unknown}
 j - a scroll of summoning {unknown}
 k - a scroll of torment {unknown}
 o - a scroll of silence {unknown}
 p - a scroll of brand weapon {unknown}
 s - a scroll of poison {unknown}
 u - a scroll of enchant weapon {unknown}
Potions
 f - a potion of berserk rage {unknown}
 q - a potion of attraction {unknown}
 r - a potion of experience {unknown}
 t - a potion of invisibility {unknown}


   Skills:
 + Level 3.3 Fighting
 + Level 3.3 Short Blades
 - Level 2.0 Throwing
 + Level 2.7 Dodging
 + Level 6.6 Stealth


You had 4 spell levels left.
You didn't know any spells.
Your spell library was empty.

Dungeon Overview and Level Annotations

Branches:
Dungeon (4/15)
 Temple: D:4-7

Altars:
Fedhas
Vehumet
Lugonu

Shops:
D:1 (

Annotations:
D:3 exclusion: downstairs
D:4 Eustachio


Innate Abilities, Weirdness & Mutations

You cannot wear most types of armour.
You are amphibious.
You can wear up to eight rings at the same time.
Your skin changes colour to match your surroundings (Stealth+).
Your rubbery body absorbs attacks. (AC +1, EV +1)
((You are camouflaged when in or above water. (Stealth+)))
You have tentacles for arms and can constrict up to eight enemies at once.
You are frail. (-10% HP)


Message History

The sleepcap barely misses you.
Unknown command.
You hit the sleepcap.
The sleepcap is lightly damaged.
You constrict the sleepcap. The sleepcap misses you.
You hit the sleepcap but do no damage.
The sleepcap is moderately damaged.
You constrict the sleepcap.
The sleepcap releases spores at you but does no damage.
You hit the sleepcap.
You squeeze the sleepcap, but do no damage.
The sleepcap is moderately damaged.
You constrict the sleepcap. The sleepcap releases spores at you.
Unknown command.
You hit the sleepcap but do no damage. You squeeze the sleepcap.
The sleepcap is heavily damaged.
You constrict the sleepcap. The sleepcap releases spores at you!
Unknown command.
You hit the sleepcap but do no damage.
The sleepcap is heavily damaged.
You constrict the sleepcap, but do no damage.
Unknown command.
You hit the sleepcap but do no damage.
The sleepcap is heavily damaged.
You constrict the sleepcap. The sleepcap barely misses you.
Unknown command.
You hit the sleepcap but do no damage.
The sleepcap is severely damaged.
You constrict the sleepcap. The sleepcap releases spores at you.
You are engulfed in a cloud of soporific spores!
You fall asleep.
You lose your grip on the sleepcap.
The sleepcap releases spores at you!
You wake up.
* * * LOW HITPOINT WARNING * * *
You are engulfed in a cloud of soporific spores!
You are unaffected.
You hit the sleepcap. You grab the sleepcap.
The sleepcap is severely damaged.
You constrict the sleepcap. The sleepcap releases spores at you!
You die...

### .######.#
......f.## ##
.......@.##.##
...##....#...#####
#..##........#
#.........#..
#.##...$###
..#<..#.......
............!....#
.#.$.#.##.....####
##. ## #......#


You could see a sleepcap.

Vanquished Creatures
  A bombardier beetle (D:3)
  Natasha (twice) (D:3)
  3 gnolls (D:2)
  3 adders
  A dart slug (D:2)
  3 ribbon worms
  3 endoplasms
  A giant cockroach (D:1)
  3 hobgoblins
  6 jackals
  4 quokkas
  3 ball pythons
  9 bats
  3 frilled lizards (D:1)
  A goblin (D:2)
  4 kobolds
  4 rats
54 creatures vanquished.

Notes
Turn   | Place    | Note
-------+----------+-------------------------------------------
     0 | D:1      | 112233 the Octopode Brigand began the quest for the Orb.
     0 | D:1      | Reached XP level 1. HP: 14/14 MP: 1/1
    75 | D:1      | Found Wumaen's Antique Weapon Shoppe.
   370 | D:1      | Reached XP level 2. HP: 19/19 MP: 2/2
   608 | D:2      | Found a blossoming altar of Fedhas.
   732 | D:2      | Found a faded altar of an unknown god.
   756 | D:2      | Prayed at the altar of an unknown god.
   756 | D:2      | Became a worshipper of Lugonu the Unformed
   756 | D:2      | Reached * piety under Lugonu
   781 | D:2      | Reached XP level 3. HP: 13/25 MP: 3/3
   899 | D:2      | Reached XP level 4. HP: 24/30 MP: 4/4
   902 | D:2      | Reached skill level 6 in Stealth
  1228 | D:3      | Reached ** piety under Lugonu
  1381 | D:3      | Reached XP level 5. HP: 36/36 MP: 5/5
  1685 | D:3      | Found a radiant altar of Vehumet.
  1695 | D:3      | Noticed Natasha
  1701 | D:3      | Killed Natasha
  1855 | D:3      | Noticed Natasha
  1859 | D:3      | Killed Natasha
  1907 | D:4      | Noticed Eustachio
  1948 | D:4      | Gained mutation: You are frail. (-10% HP) [potion of
                  | mutation]
  1961 | D:4      | Slain by a sleepcap

Illustrated notes

Levels and vault maps discovered:
D:1:      roadster_arrival_rocket_large, layout_rooms, serial_corexii_hall,
          corexii_hall_statues_l, corexii_hall_statues_i, serial_shops,
          nicolae_shop_hallway_plus
D:2:      layout_rooms, basic_altar, ebering_ecumenical_altar_box,
          supply_closet_lemuel, st_stairs_10, chequers_serial_rivers_marsh,
          minmay_3d_cube
D:3:      layout_loops_ring, nicolae_vehumet_radiance, kennysheep_minor_cross,
          uniq_natasha
D:4:      layout_cave_pools, temple_hall, uniq_eustachio

Skill      XL: |  1  2  3  4 |
---------------+-------------+-----
Dodging        | 2 |  2.7
Stealth        | 6 |  6.6
Fighting       | 3 |  3.3
Short Blades   | 3 |  3.3
Throwing       | |  2.0

Action                     |  1- 3 |  4- 6 || total
---------------------------+-------+-------++-------
  Melee: Dagger            |    60 |    61 ||   121
         Constrict         |    15 |    13 ||    28
         Tentacles         |     9 |    13 ||    22
         Punch             |     1 |       ||     1
    Use: Potion            |       |     4 ||     4
   Stab: Sleeping          |     7 |    11 ||    18
 Armour: Skin              |    23 |    37 ||    60
  Dodge: Dodged            |    50 |    28 ||    78
